 Dungeon Crawl Stone Soup version 0.30-a0-311-gf115ab0292 (webtiles) character file.

Game seed: 11591244861733646397

11092 IdlyInterested the Fighter (level 11, -4/100 HPs)
             Began as a Demonspawn Wanderer on Oct 25, 2022.
             Slain by a manticore (19 damage)
             ... on level 11 of the Dungeon.
             The game lasted 00:54:15 (10862 turns).

IdlyInterested the Fighter (Demonspawn Wanderer)   Turns: 10862, Time: 00:54:16

Health: -4/100     AC: 13    Str: 11    XL:     11   Next: 44%
Magic:  16/16      EV: 18    Int: 19    God:
Gold:   660        SH:  0    Dex: 19    Spells: 9/17 levels left

rFire   + . .      SeeInvis .    M - +11 war axe "Fonadu" {flame, Int+2}
rCold   + . .      Faith    .    (no shield)
rNeg    + . .      Spirit   .    i - +3 leather armour {rC+}
rPois   .          Reflect  .    q - +0 helmet
rElec   .          Harm     .    d - +0 cloak
rCorr   +          Rampage  .    (no gloves)
Will    .....                    R - +0 pair of boots
Stlth   ++........               b - amulet of Weneg {Acrobat rN+ rCorr Dex+4}
HPRegen 0.36/turn                f - ring of wizardry
MPRegen 0.15/turn                h - +4 ring of protection

@: agile
A: powered by pain 2, spiny 1, demonic touch 2, fire resistance 1, MP-powered
wands
a: no special abilities


You were on level 11 of the Dungeon.
You visited 2 branches of the dungeon, and saw 12 of its levels.

You collected 660 gold pieces.

Inventory:

Hand Weapons
 e - a +0 rapier of freezing
 C - a +0 dagger of electrocution
 F - a +8 scimitar
 J - a +0 scimitar of flaming
 M - the +11 war axe "Fonadu" (weapon) {flame, Int+2}
   (You found it on level 9 of the Dungeon)

   It burns those it strikes, dealing additional fire damage.
   Big, fiery blades are also staple armaments of hydra-hunters.
   Int:       It affects your intelligence (+2).
Missiles
 m - 5 throwing nets
 s - 22 poisoned darts
 H - 5 boomerangs
 L - a curare-tipped dart
Armour
 d - a +0 cloak (worn)
 i - a +3 leather armour of cold resistance (worn)
 q - a +0 helmet (worn)
 K - a +2 robe of willpower
 R - a +0 pair of boots (worn)
Jewellery
 b - the amulet of Weneg (around neck) {Acrobat rN+ rCorr Dex+4}
   (You acquired it on level 9 of the Dungeon)

   [amulet of the acrobat]

   It increases your evasion while moving and waiting.
   Dex:       It affects your dexterity (+4).
   rN:        It protects you from negative energy.
   rCorr:     It protects you from acid and corrosion.
 f - a ring of wizardry (left hand)
 h - a +4 ring of protection (right hand)
 t - a ring of ice
 A - an amulet of regeneration
 P - a ring of protection from fire
Wands
 g - a wand of quicksilver (11)
 x - a wand of iceblast (16)
 B - a wand of charming (20)
 I - a wand of mindburst (14)
 N - a wand of flame (8)
Scrolls
 a - a scroll of vulnerability
 c - 7 scrolls of teleportation
 j - 2 scrolls of poison
 p - 2 scrolls of fear
 r - 2 scrolls of brand weapon
 v - a scroll of magic mapping
 y - a scroll of summoning
 D - 3 scrolls of identify
Potions
 k - 2 potions of attraction
 l - 2 potions of resistance
 n - a potion of cancellation
 o - a potion of heal wounds
 u - 2 potions of mutation
 w - a potion of flight
 z - 2 potions of brilliance
 E - 2 potions of curing
 G - 3 potions of might
 Q - a potion of berserk rage


   Skills:
 * Level 14.1 Fighting
 - Level 1.7 Short Blades
 - Level 2.0 Throwing
 - Level 2.0 Armour
 - Level 4.0 Dodging
 - Level 2.0 Stealth
 - Level 1.7 Shields
 - Level 4.0 Unarmed Combat
 * Level 3.8 Spellcasting
 - Level 4.0 Conjurations
 - Level 4.0 Translocations
 - Level 4.0 Air Magic
 * Level 2.5 Evocations


You had 9 spell levels left.
You knew the following spells:

 Your Spells              Type           Power      Damage    Failure   Level
a - Shock                 Conj/Air       72%        1d7       1%          1
b - Momentum Strike       Conj/Tloc      36%        3d9       2%          2
c - Static Discharge      Conj/Air       36%        2-4/arc   2%          2
d - Vhi's Electric Charg  Tloc/Air       36%        N/A       4%          3

Your spell library contained the following spells:

 Spells                   Type           Power      Damage    Failure   Level
 Poisonous Vapours        Pois/Air       22%        N/A       4%          2
 Beastly Appendage        Tmut           6%         N/A       8%          1
 Sting                    Tmut/Pois      12%        1d3       8%          1
 Dazzling Flash           Conj/Hex       22%        N/A       10%         3
 Stone Arrow              Conj/Erth      22%        3d8       10%         3
 Scorch                   Fire           6%         2d5       12%         2
 Wereblood                Tmut           3%         N/A       12%         2
 Spider Form              Tmut/Pois      3%         N/A       22%         3
 Flame Wave               Conj/Fire      11%        2d6       32%         4
 Arcjolt                  Conj/Air       9%         1d19      36%         5
 Lightning Bolt           Conj/Air       9%         1d21      36%         5
 Olgreb's Toxic Radiance  Pois           3%         N/A       56%         4
 Silence                  Hex/Air        5%         N/A       63%         5
 Agony                    Necr           3%         N/A       87%         5
 Summon Cactus Giant      Summ           1%         N/A       100%        6


Dungeon Overview and Level Annotations

Branches:
Dungeon (11/15)            Temple (1/1) D:4            Lair (0/5) D:11
    Orc: D:9-12

Altars:
Ashenzari
Cheibriados
Dithmenos
Fedhas
Gozag
Hepliaklqana
Kikubaaqudgha
Makhleb
Nemelex Xobeh
Okawaru
Qazlal
Ru
Sif Muna
Trog
Uskayaw
Vehumet
Wu Jian
Xom
Yredelemnul

Shops:
D:6 *

Portals:
Trove: D:10 (give +6 demon trident)


Innate Abilities, Weirdness & Mutations

You sometimes gain power by taking damage.
You are partially covered in sharp spines.
Your touch may inflict irresistible damage on your foes.
Your flesh is heat resistant. (rF+)
You expend magic power (3 MP) to strengthen your wands.


Message History

The manticore closely misses you. The manticore misses you.
The centaur is struck by your spines. The centaur misses you.
The centaur completely misses you. The elephant closely misses you.
The elephant trunk-slaps you.
* * * LOW HITPOINT WARNING * * *
The manticore closely misses you. The manticore claws you.
* * * LOW HITPOINT WARNING * * *
The manticore completely misses you. The centaur completely misses you.
The centaur misses you.
You hit the elephant. You burn the elephant.
You touch the elephant.
You kill the elephant!
You slash the centaur! You burn the centaur.
You kill the centaur!
You slash the manticore! You burn the manticore.
A centaur comes into view.
The manticore is struck by your spines. The manticore bites you.
* * * LOW HITPOINT WARNING * * *
The manticore claws you but does no damage.
The manticore claws you!
* * * LOW HITPOINT WARNING * * *
Unknown command.
You feel much better. The manticore is struck by your spines.
The manticore bites you!
* * * LOW HITPOINT WARNING * * *
The manticore misses you. The manticore barely misses you.
A centaur comes into view.
You barely miss the manticore.
The manticore is severely wounded.
The centaur wields a +0 shortbow.
The centaur shoots an arrow.
The arrow hits you but does no damage. The manticore completely misses you.
The manticore barely misses you. x2; The centaur shoots an arrow.
The arrow hits you.
* * * LOW HITPOINT WARNING * * *
The manticore barely misses you. The manticore completely misses you.
The manticore claws you.
* * * LOW HITPOINT WARNING * * *
You hit the manticore. You burn the manticore.
The manticore is severely wounded.
The centaur shoots an arrow.
The arrow misses you. The manticore bites you!!
You die...

#.#######.#
#.........#
#.........#
#.......>.#
#.........#
##...###...#
##.....## ..#
#.......# .#
#....H@.# #
#..c..)†.....#
.............#
#..c..>.........
#............##
#............#
##..P..P.##..#
#..P....# ..#


You could see a manticore and 2 centaurs.

Vanquished Creatures
  Snorg (D:11)
  A centaur warrior (D:9)
  An ugly thing (D:10)
  An elephant (D:11)
  Maggie (D:9)
  An unseen horror (D:10)
  A hornet (D:9)
  3 shadows
  Sigmund (D:2)
  A vampire (D:10)
  2 wraiths (D:10)
  3 wyverns
  11 yaks (D:10)
  A steam dragon (D:8)
  Eustachio (D:4)
  Grum (D:8)
  Menkaure (D:7)
  3 acid dragons
  3 water moccasins
  Duvessa (D:4)
  An ice beast (D:7)
  2 ogres
  2 orc warriors
  2 black bears (D:11)
  2 wolves (D:8)
  4 centaurs
  4 bullfrogs
  2 kobold brigands (D:8)
  A necrophage (D:5)
  A scorpion (D:6)
  6 wights (D:7)
  Dowan (D:4)
  18 killer bees
  2 orc priests
  5 hounds
  2 gnoll boudas
  An iguana (D:6)
  Ijyb (D:3)
  8 orc wizards
  6 adders
  9 gnolls
  A shadow imp (D:6)
  An ufetubus (D:6)
  2 worms
  3 dart slugs
  19 orcs
  9 ball pythons
  4 bats
  3 endoplasms
  3 giant cockroaches
  5 goblins
  5 hobgoblins
  2 quokkas
  3 frilled lizards
  12 kobolds
  4 rats
195 creatures vanquished.

Vanquished Creatures (collateral kills)
  2 bullfrogs (D:7)
  A wight (D:7)
  An orc (D:7)
4 creatures vanquished.

Vanquished Creatures (others)
  Erica (D:8)
  A wolf (D:8)
  An orc priest (D:7)
  2 jellies
  An adder (D:4)
  An orc (D:6)
  A giant cockroach (D:4)
  2 goblins (D:3)
  A hobgoblin (D:3)
  A quokka (D:5)
  A bat (D:3)
  A frilled lizard (D:3)
  3 plants (D:1)
17 creatures vanquished.

Grand Total: 216 creatures vanquished

Notes
Turn   | Place    | Note
-------+----------+-------------------------------------------
     0 | D:1      | IdlyInterested the Demonspawn Wanderer began the quest for
                  | the Orb.
     0 | D:1      | IdlyInterested set off with the following items: a +0 short
                  | sword, a +0 buckler, a scroll of teleportation, a +0 robe;
                  | and the following spell memorised: Shock; and the following
                  | spells available to memorise: Momentum Strike, Stone Arrow.
     0 | D:1      | Reached XP level 1. HP: 13/13 MP: 3/3
   227 | D:1      | Reached skill level 1 in Fighting
   227 | D:1      | Reached skill level 1 in Armour
   233 | D:1      | Gained mutation: You are partially covered in sharp spines.
                  | [demonic ancestry]
   233 | D:1      | Reached XP level 2. HP: 19/21 MP: 5/5
   537 | D:1      | Found a faded altar of an unknown god.
   889 | D:2      | Gained mutation: Your touch may inflict minor irresistible
                  | damage on your foes. [demonic ancestry]
   889 | D:2      | Reached XP level 3. HP: 27/27 MP: 6/6
  1169 | D:2      | Reached skill level 2 in Fighting
  1276 | D:2      | Learned a level 2 spell: Momentum Strike
  1609 | D:2      | Reached XP level 4. HP: 34/34 MP: 7/7
  1691 | D:2      | Noticed Sigmund
  1696 | D:2      | Killed Sigmund
  1697 | D:2      | Reached skill level 4 in Fighting
  1697 | D:2      | Reached XP level 5. HP: 26/43 MP: 8/8
  2598 | D:3      | Noticed Ijyb
  2609 | D:3      | Killed Ijyb
  2687 | D:3      | You fall into a shaft and drop 1 floor!
  2703 | D:4      | Reached XP level 6. HP: 49/49 MP: 9/9
  2821 | D:3      | Found an opulent altar of Gozag.
  3173 | D:3      | Reached skill level 1 in Stealth
  3455 | D:4      | Reached skill level 1 in Translocations
  3602 | D:4      | Found a staircase to the Ecumenical Temple.
  3602 | D:4      | Noticed Dowan
  3603 | D:4      | Noticed Duvessa
  3617 | D:4      | Killed Duvessa
  3624 | D:4      | Noticed Eustachio
  3627 | D:4      | Killed Dowan
  3628 | D:4      | Reached skill level 5 in Fighting
  3655 | D:4      | Killed Eustachio
  3656 | D:4      | Reached XP level 7. HP: 12/56 MP: 10/10
  3890 | Temple   | Entered the Ecumenical Temple
  4451 | D:5      | Entered Level 5 of the Dungeon
  4736 | D:5      | Reached skill level 6 in Fighting
  5240 | D:5      | Found an ancient bone altar of Kikubaaqudgha.
  5240 | D:5      | Found a sacrificial altar of Ru.
  5470 | D:6      | Found Ushrig's Neck Hole.
  5478 | D:6      | Reached skill level 1 in Throwing
  5478 | D:6      | Gained mutation: You sometimes gain a little power by
                  | taking damage. [demonic ancestry]
  5478 | D:6      | Reached XP level 8. HP: 14/65 MP: 8/11
  6293 | D:7      | Reached skill level 7 in Fighting
  6468 | D:7      | Noticed Menkaure
  6474 | D:7      | Reached skill level 1 in Unarmed Combat
  6475 | D:7      | Killed Menkaure
  6481 | D:7      | Reached skill level 8 in Fighting
  6753 | D:7      | Gained mutation: Your touch may inflict irresistible damage
                  | on your foes. [demonic ancestry]
  6753 | D:7      | Reached XP level 9. HP: 39/73 MP: 12/12
  6910 | D:7      | Reached skill level 1 in Air Magic
  6929 | D:8      | Noticed Grum
  6936 | D:8      | Killed Grum
  6937 | D:8      | Reached skill level 9 in Fighting
  7281 | D:8      | Noticed Erica
  7289 | D:8      | Killed Erica
  7290 | D:8      | Reached skill level 10 in Fighting
  7332 | D:8      | Learned a level 2 spell: Static Discharge
  7336 | D:8      | Learned a level 3 spell: Vhi's Electric Charge
  7861 | D:8      | Gained mutation: You sometimes gain power by taking damage.
                  | [demonic ancestry]
  7861 | D:8      | Reached XP level 10. HP: 41/86 MP: 2/13
  7862 | D:8      | Reached skill level 11 in Fighting
  8114 | D:8      | Gained mutation: You expend magic power (3 MP) to
                  | strengthen your wands. [potion of mutation]
  8114 | D:8      | Gained mutation: Your flesh is heat resistant. (rF+)
                  | [potion of mutation]
  8209 | D:9      | Identified the +11 war axe "Fonadu" {flame, Int+2}
  8235 | D:9      | Noticed Maggie
  8240 | D:9      | Killed Maggie
  8332 | D:9      | Noticed a centaur warrior
  8369 | D:9      | Found a sparkling altar of Nemelex Xobeh.
  8421 | D:9      | Killed a centaur warrior
  8475 | D:9      | Reached skill level 12 in Fighting
  8684 | D:9      | Found a blossoming altar of Fedhas.
  9165 | D:9      | Identified a scroll of acquirement
  9165 | D:9      | Acquired the amulet of Weneg {Acrobat rN+ rCorr Dex+4}
  9341 | D:10     | Entered Level 10 of the Dungeon
  9358 | D:10     | Found a portal to a secret trove of treasure.
  9411 | D:10     | Found a radiant altar of Vehumet.
  9420 | D:10     | Found an ornate altar of the Wu Jian Council.
  9680 | D:10     | Reached skill level 13 in Fighting
  9768 | D:10     | Reached XP level 11. HP: 93/98 MP: 10/14
 10052 | D:10     | Noticed a green ugly thing
 10060 | D:10     | Killed a green ugly thing
 10851 | D:11     | Found a staircase to the Lair.
 10851 | D:11     | Noticed Snorg
 10855 | D:11     | Killed Snorg
 10856 | D:11     | Reached skill level 14 in Fighting
 10862 | D:11     | Slain by a manticore

Illustrated notes

Levels and vault maps discovered:
D:1:      sevenhm_arrival_forest_fort_small_6, layout_loops_cross,
          shapermc_ecumenical_altar_hornbeckon,
          nicolae_concentric_dashed_squares_wild
D:2:      minmay_skewed_foursquare, layout_rooms, serial_co_window_serial,
          co_window_of_opportunity_a, co_window_corner_a, co_window_paths_a,
          co_window_paths_a, co_window_paths_a, co_window_unsneaky_path_e,
          co_window_broadway_c, co_window_2corner, co_window_of_opportunity_c,
          co_window_paths_e, co_window_paths_d, glass_columns_a, uniq_sigmund
D:3:      layout_basic, grunt_gozag_statues, serial_rivers,
          chequers_serial_rivers_small_a, chequers_serial_rivers_small_b,
          chequers_serial_rivers_micro_e, chequers_serial_rivers_marsh,
          minmay_unequal, uniq_ijyb
D:4:      layout_basic, minmay_temple_entry_statues_pillars,
          grunt_ministairs_10, uniq_duvessa, uniq_eustachio
D:5:      layout_loops_cross, dreamdust_divine_triumvirate,
          gammafunk_temple_overflow_wave, guppyfry_early_lair_pool
D:6:      layout_rooms, serial_glass, glass_columns_c, glass_columns_c,
          due_unseen_surprise, feat_on_display, item_on_display_a,
          minmay_strange_pillars, minmay_misc_feat_encased,
          chequers_mini_garden, nicolae_shop_sticking_my_neck_out
D:7:      layout_basic, uniq_menkaure
D:8:      nicolae_whirlpool, layout_gridville, uniq_erica, uniq_grum
D:9:      layout_loops_ring, fedhas_altar_4, mainiacjoe_overflow_alcove_4,
          uniq_maggie
D:10:     minmay_inner_zag, layout_cave_pods,
          mainiacjoe_overflow_large_starburst, enter_trove_1, st_stairs_2
D:11:     layout_long_grid, david_lair_generic, hiddenorc2_lemuel, uniq_maurice,
          uniq_snorg
Temple:   chequers_temple_sunken

Skill      XL: |  1  2  3  4  5  6  7  8  9 10 11 |
---------------+----------------------------------+-----
Fighting       | 1 2 4 5 6 8 10 13 14 | 14.1
Armour         | 1 2 |  2.0
Dodging        | 2 3 4 |  4.0
Stealth        | 2 |  2.0
Translocations | 2 3 4 |  4.0
Evocations     | 2 |  2.5
Throwing       | 1 2 |  2.0
Conjurations   | 4 |  4.0
Unarmed Combat | 2 3 4 |  4.0
Air Magic      | 3 4 |  4.0
Spellcasting   | 3 |  3.8
Short Blades   | |  1.7
Shields        | |  1.7

Action                   |  1- 3 |  4- 6 |  7- 9 | 10-12 || total
-------------------------+-------+-------+-------+-------++-------
Melee: Rapier            |    89 |    61 |    76 |       ||   226
       Touch             |     6 |     9 |    27 |    18 ||    60
       Punch             |     1 |       |     2 |     3 ||     6
       Scimitar          |       |       |    66 |     3 ||    69
       War axe           |       |       |       |   104 ||   104
 Cast: Shock             |     9 |       |       |       ||     9
       Momentum Strike   |       |    13 |     8 |       ||    21
       Vhi's Electric Ch |       |       |     7 |    17 ||    24
       Static Discharge  |       |       |     2 |     1 ||     3
Evoke: Wand              |       |     1 |     9 |       ||    10
  Use: Scroll            |     4 |    10 |     4 |     2 ||    20
       Potion            |     1 |     4 |       |     3 ||     8
 Stab: Sleeping          |     4 |     1 |     4 |       ||     9
       Distracted        |       |       |     1 |     1 ||     2
Armor: Robe              |    20 |       |       |       ||    20
       Leather armour    |     6 |     8 |    49 |    76 ||   139
       Ring mail         |       |    29 |       |       ||    29
Dodge: Dodged            |    26 |    38 |   113 |   104 ||   281
Block: Buckler           |    12 |       |       |       ||    12

Table legend: (Time is in decaauts)
 A = Elapsed time spent in this place.
 B = Non-inter-level travel time spent in this place.
 C = Inter-level travel time spent in this place.
 D = Time resting spent in this place.
 E = Time spent auto-exploring this place.
 F = Levels seen in this place.
 G = Mean time per level.
                   A        B        C        D        E       F      G
               +--------+--------+--------+--------+--------+-----+--------+
         Total |  11045 |   9517 |   1528 |   1108 |   5967 |  12 |  920.4 |
       Dungeon |  10849 |   9350 |   1499 |   1108 |   5807 |  11 |  986.3 |
        Temple |    196 |    167 |     29 |      0 |    159 |   1 |  196.0 |
               +--------+--------+--------+--------+--------+-----+--------+

Top non-repeatable levels by time:
    D:10: 1381 daAuts
     D:8: 1292 daAuts
     D:2: 1273 daAuts
     D:4: 1216 daAuts
     D:9: 1198 daAuts
     D:3: 1076 daAuts
     D:1: 922 daAuts
     D:5: 870 daAuts
     D:7: 802 daAuts
     D:6: 784 daAuts
  Temple: 196 daAuts
    D:11: 31 daAuts
